Map: Kairos Junction LE

Players

MacroMan

  • Race: Protoss Protoss
  • League: Diamond
  • Spawn Location: 11:00

Mez - Winner!

  • Race: Terran Terran
  • League: Master
  • Spawn Location: 5:00

VOD

Have the link to the VOD?

Description

Time

  • Played on: Aug. 11, 2019, 7:18 p.m.
  • Length: 14:03
Show
View Real Time Build Order
Export as new Build Order

MacroMan Protoss 

Build Orders: 1 Gate Expand, Blink Stalkers 

Get SALT Encoding   

  12  0:01  Probe  
  13  0:13  Probe  
  14  0:18  Pylon  
  14  0:24  Probe  
  15  0:32  Probe  
  15  0:38  Gateway  
  15  0:40  Probe  
  16  0:47  Assimilator  
  17  0:51  Probe  
  18  1:03  Probe  
  19  1:24  Nexus  
  19  1:25  Probe  
  20  1:37  Cybernetics Core  
  20  1:39  Probe  
  21  1:45  Assimilator  
  21  1:53  Probe  
  22  1:57  Pylon  
  22  2:05  Probe  
  22  2:06  Stalker  
  22  2:17  Probe, Warp Gate  
  25  2:29  Probe  
  26  2:33  Twilight Council  
  26  2:39  Stalker  
  26  2:42  Probe  
  29  2:46  Probe  
  30  2:54  Probe  
  30  2:57  Blink  
  30  2:58  Probe  
  32  3:06  Probe  
  32  3:09  Stalker  
  32  3:10  Probe  
  36  3:18  Probe  
  37  3:26  Probe  
  37  3:27  Gateway x2  
  37  3:31  Probe  
  38  3:34  Probe  
  38  3:39  Probe  
  40  3:42  Probe  
  40  3:47  Pylon  
  42  3:50  Probe  
  42  3:55  Probe  
  44  4:05  Probe  
  44  4:06  Stalker  
  44  4:07  Probe  
  48  4:10  Robotics Facility  
  48  4:17  Probe  
  49  4:19  Probe  
  50  4:24  Pylon  
  50  4:26  Stalker, Assimilator  
  50  4:27  Stalker  
  54  4:36  Pylon  
  54  4:42  Probe x2  
  56  4:53  Nexus  
  56  4:54  Probe  
  56  4:57  Observer  
  58  5:01  Probe  
  58  5:06  Probe, Charge  
  59  5:13  Probe  
  58  5:18  Probe, Observer  
  58  5:20  Gateway  
  60  5:24  Gateway  
  60  5:25  Probe, Gateway  
  60  5:28  Robotics Bay  
  61  5:30  Probe, Pylon  
  62  5:37  Probe  
  62  5:42  Probe  
  64  5:44  Pylon  
  64  5:46  Immortal  
  64  5:49  Probe  
  65  5:54  Zealot, Probe  
  65  5:55  Zealot  
  74  6:02  Probe  
  75  6:07  Probe, Forge  
  75  6:08  Forge  
  75  6:10  Probe  
  77  6:13  Robotics Bay  
  77  6:14  Probe  
  78  6:19  Probe  
  78  6:20  Zealot x2  
  78  6:21  Zealot, Stalker x2, Observer  
  78  6:22  Probe  
  78  6:24  Pylon  
  90  6:26  Sentry  
  92  6:37  Probe x2  
  92  6:38  Probe  
  95  6:40  Protoss Ground Armor Level 1, Protoss Ground Weapons Level 1  
  95  6:48  Zealot x3  
  95  6:49  Probe  
  95  6:50  Assimilator  
  95  6:53  Assimilator  
  102  6:55  Pylon  
  102  7:03  Extended Thermal Lance  
  102  7:04  Probe  
  102  7:05  Probe  
  104  7:09  Assimilator  
  104  7:16  Gravitic Drive  
  104  7:19  Gateway x2  
  104  7:21  Pylon  
  104  7:25  Zealot x4  
  104  7:26  Probe x2  
  104  7:28  Probe  
  115  7:33  Pylon  
  115  7:35  Pylon  
  115  7:41  Templar Archives  
  115  7:47  Colossus  
  115  7:50  Nexus  
  115  7:53  Pylon  
  115  7:54  Zealot, Pylon  
  115  7:56  Stalker x3  
  129  8:11  Assimilator  
  129  8:13  Assimilator  
  122  8:31  Zealot x2  
  122  8:32  Zealot x4  
  134  8:36  Photon Cannon  
  134  8:40  Photon Cannon  
  134  8:44  Photon Cannon  
  134  8:47  Photon Cannon  
  134  8:50  Photon Cannon, Colossus  
  134  8:52  High Templar  
  134  8:53  High Templar x2  
  146  9:00  Protoss Ground Weapons Level 2  
  146  9:05  Photon Cannon  
  146  9:18  Photon Cannon  
  145  9:25  Zealot x3  
  145  9:26  Stalker  
  153  9:33  Probe x3  
  153  9:34  Probe  
  157  9:42  Dark Shrine  
  142  9:45  Probe x2  
  142  9:46  Zealot x3  
  142  9:47  Zealot x4  
  142  9:50  Archon  
  109  10:05  Zealot  
  109  10:06  Zealot  
  109  10:07  Zealot x4  
  115  10:08  Zealot x2  
  125  10:18  Probe x2  
  125  10:22  Psionic Storm  
  125  10:27  Colossus  
  132  10:28  Probe x2  
  132  10:30  Probe  
  132  10:31  Probe  
  135  10:36  Protoss Ground Armor Level 2  
  135  10:41  Photon Cannon  
  135  10:44  Photon Cannon  
  135  10:47  Pylon, Gateway  
  135  10:56  Dark Templar x2  
  139  10:57  Dark Templar  
  141  11:17  Zealot  
  141  11:18  Zealot x4  
  145  11:40  Nexus  
  145  11:41  Pylon  
  141  11:58  Stalker x3  
  141  11:59  Stalker x2, Pylon  
  141  12:00  Stalker  
  153  12:01  Zealot x2  
  155  12:10  High Templar  
  157  12:19  Pylon  
  157  12:34  Zealot  
  157  12:35  Zealot x3  
  165  12:47  Probe x2  
  165  12:49  Probe, Dark Templar  
  165  12:51  Colossus  
  170  12:59  Probe  
  170  13:03  High Templar  
  170  13:04  High Templar x3  
  183  13:20  Nexus  
  183  13:22  Pylon  
  182  13:31  Zealot x3  
  184  13:36  Zealot x5  
  184  13:37  Zealot  
  98  13:58  Zealot x4  
  98  13:59  Zealot x4  
  98  14:00  Zealot  
Show
View Real Time Build Order
Export as new Build Order

Mez Terran - Winner!

Build Orders: Reaper Expand 

Get SALT Encoding   

  12  0:00  SCV  
  13  0:12  SCV  
  14  0:17  Supply Depot  
  14  0:24  SCV  
  15  0:39  SCV  
  15  0:40  Barracks  
  16  0:44  Refinery  
  16  0:51  SCV  
  17  1:03  SCV  
  18  1:15  SCV  
  19  1:28  Reaper  
  19  1:29  Orbital Command  
  20  1:44  Command Center  
  20  1:55  Bunker  
  20  1:57  SCV  
  21  2:01  Barracks Reactor  
  21  2:11  SCV  
  21  2:14  Supply Depot  
  22  2:23  SCV  
  23  2:39  Marine x2  
  23  2:44  SCV  
  26  2:50  Command Center  
  26  2:51  Factory  
  26  2:58  SCV  
  27  2:59  Marine, Orbital Command  
  27  3:01  Marine  
  29  3:10  SCV  
  30  3:14  Refinery  
  30  3:17  Marine  
  30  3:19  Marine  
  32  3:22  SCV  
  33  3:30  SCV  
  34  3:34  SCV  
  34  3:36  Widow Mine  
  34  3:37  Starport  
  37  3:41  Marine  
  37  3:42  Marine  
  37  3:46  SCV  
  40  3:54  SCV  
  41  3:56  Refinery  
  41  3:58  SCV  
  41  3:59  Widow Mine  
  41  4:02  Marine  
  45  4:03  Orbital Command  
  45  4:06  SCV  
  46  4:10  SCV  
  46  4:13  Starport Tech Lab  
  47  4:18  SCV  
  47  4:20  Supply Depot  
  47  4:22  SCV  
  49  4:24  Factory Tech Lab  
  49  4:30  SCV x2  
  51  4:34  SCV  
  51  4:35  Raven  
  51  4:36  Marine  
  51  4:37  Marine  
  56  4:42  SCV x2  
  58  4:46  SCV, Barracks  
  58  4:49  Supply Depot  
  58  4:50  Siege Tank  
  62  4:54  SCV x2, Barracks  
  62  4:56  Refinery  
  62  4:58  SCV  
  65  5:11  Marine x2  
  65  5:13  SCV  
  65  5:14  SCV x2  
  69  5:19  Engineering Bay  
  69  5:20  Engineering Bay  
  69  5:23  Siege Tank  
  69  5:28  SCV x2  
  74  5:29  Marine x2  
  74  5:32  Starport Reactor  
  76  5:37  SCV  
  77  5:45  Barracks  
  77  5:49  Stimpack, Barracks  
  77  5:51  Terran Infantry Armor Level 1, Terran Infantry Weapons Level 1  
  77  6:05  Supply Depot  
  77  6:06  Orbital Command  
  77  6:07  Combat Shield, Supply Depot  
  77  6:08  Factory Reactor, Supply Depot  
  77  6:09  Supply Depot  
  77  6:11  Marine x2  
  77  6:12  SCV x2, Marauder  
  77  6:14  Marauder  
  85  6:27  SCV  
  85  6:33  Marauder  
  85  6:35  SCV x2, Marauder  
  85  6:37  Marine  
  85  6:39  SCV  
  93  6:47  SCV  
  93  6:50  Marine  
  93  6:51  Barracks Reactor  
  93  6:52  Barracks Tech Lab  
  59  6:54  Medivac x2  
  95  6:55  Widow Mine x2, SCV x2, Marauder  
  95  6:57  Marauder  
  95  6:59  SCV  
  110  7:02  Supply Depot  
  110  7:03  Supply Depot  
  110  7:04  Armory  
  110  7:07  SCV x2  
  112  7:13  Supply Depot  
  112  7:14  Supply Depot  
  112  7:15  SCV  
  113  7:16  Bunker, Marauder  
  113  7:18  Marauder  
  117  7:24  SCV x2, Marine x2, Marauder  
  117  7:25  Supply Depot  
  117  7:26  Medivac x2, Supply Depot  
  127  7:36  SCV x2  
  129  7:38  Marauder  
  129  7:42  Marine x3, Marauder  
  136  7:45  Marauder  
  136  7:46  Marine  
  136  7:47  SCV  
  136  7:48  SCV x2  
  136  7:50  Refinery  
  142  7:52  Refinery  
  142  7:53  Supply Depot  
  142  7:55  Supply Depot  
  142  7:56  Widow Mine  
  144  7:59  Missile Turret, SCV, Marauder  
  144  8:03  Missile Turret, Marine x3  
  144  8:04  Marauder, Medivac  
  144  8:05  Missile Turret  
  154  8:07  Marauder  
  156  8:14  Missile Turret  
  156  8:15  Missile Turret  
  156  8:18  Marine  
  157  8:20  Marauder  
  157  8:21  Marine  
  157  8:25  Marauder  
  162  8:30  Marine x2, Marauder  
  165  8:36  Marine  
  165  8:37  Terran Infantry Armor Level 2, Terran Infantry Weapons Level 2  
  166  8:42  Marauder  
  166  8:44  Ghost Academy  
  166  8:45  Starport  
  168  8:50  Supply Depot  
  168  8:52  Supply Depot  
  168  8:59  Command Center  
  168  9:05  Marine x4, Marauder x3  
  180  9:18  Viking  
  180  9:20  Viking  
  180  9:22  Marine x2  
  184  9:26  Fusion Core, Marauder x2  
  177  9:52  Marine x4, Marauder x3  
  142  10:09  Marine  
  142  10:10  Marine x3  
  142  10:13  Marauder x2  
  142  10:14  Marauder  
  152  10:15  Barracks  
  152  10:19  Barracks  
  152  10:21  Barracks  
  143  10:25  Concussive Shells  
  143  10:27  Viking x4, Marine x2  
  150  10:35  Marauder x3  
  156  10:39  Fusion Core, Starport  
  156  10:56  Ghost x2, Marauder  
  162  10:59  SCV, Command Center  
  162  11:00  SCV x2  
  165  11:17  Viking x2, Ghost  
  165  11:18  Viking x2, Starport Tech Lab  
  175  11:29  Ghost x2  
  175  11:30  Barracks Tech Lab  
  175  11:31  Barracks Tech Lab  
  176  11:38  Planetary Fortress  
  169  11:45  Ghost, Missile Turret  
  167  11:50  Missile Turret  
  160  12:05  Viking x2  
  164  12:26  Sensor Tower  
  164  12:27  Sensor Tower  
  164  12:35  Refinery  
  164  12:43  Viking x3  
  164  12:44  Viking  
  172  12:46  Marine, Marauder x2  
  177  12:56  Planetary Fortress  
  177  13:03  Marine x3, Marauder x3  
  177  13:04  Marine  
  187  13:08  SCV  
  187  13:09  SCV  
  187  13:10  Refinery  
Tags
 
Add a new tag
Caveats
  • Supply blocks, unpowered buildings, or Contaminate may cause inaccurate times.
  • Supply counts are checked every 10 seconds.